[Event "*** Biggest EVER Titled Tuesday"]
[Site "Chess.com"]
[Date "2018.04.17"]
[Round "3"]
[White "WinnerOleg"]
[Black "Orest_Vovk"]
[Result "1-0"]
[WhiteElo "2327"]
[BlackElo "2235"]
[TimeControl "180+2"]
[EndTime "13:38:39 PDT"]
[Termination "WinnerOleg won by resignation"]

1. b3 g6 2. Bb2 Nf6 3. Nf3 Bg7 4. c4 Nh5 5. Bxg7 Nxg7 6. d4 d6 7. e3 O-O 8. Bd3 c5 9. O-O Nc6 10. Be4 Qc7 11. Nc3 Bf5 12. Qd3 Nb4 13. Qd2 Bxe4 14.
Nxe4 b6 15. d5 a5 16. a4 f5 17. Nc3 h6 18. e4 f4 19. Rae1 g5 20. e5 Nf5 21.
exd6 exd6 22. Re6 Qg7 23. Nb5 Rad8 24. g4 fxg3 25. fxg3 g4 26. Ne1 Rf6 27. Ng2 Rxe6 28. dxe6 Qe5 29. Nf4 Qe3+ 30. Qxe3 Nxe3 31. Re1 Nec2 32.
e7 Re8 33. Re6 Nc6 34. Nd5 N2d4 35. Nxd4 cxd4 36. Rxd6 Nxe7 37. Nf6+ Kf7 38. Nxe8 Kxe8 39. Rxd4 h5 40. Rd6 Nc8 41. Rh6 Kd7 42. Kf2 Nd6 43. Rxh5 Ne4+ 44. Ke3 Nc3 45. Kd3 Nd1 46. Rh6 Kc7 47. Rg6 Kb7 48. Kd4 Nf2 49. Kd5 Nd1 50. Rg7+ Ka6 51. Kc6 Ne3 52. c5 bxc5 53. Kxc5 Nf5 54.
Rg6+ Ka7 55. Kb5 Nd4+ 56. Kc4 Nc2 57. Rg7+ Kb6 58. Rg6+ Ka7 59. Kc3 Ne3 60. Rh6 Nf5 61. Rh7+ Kb6 62. h3 gxh3 63. Rxh3 Ne3 64. Rh6+ Kc5 65.
Rh5+ Kb6 66. Rb5+ Ka6 67. Kd4 Ng4 68. Ke4 Nf2+ 69. Kf5 Nd1 70. g4 Ne3+ 71. Kf4 Ng2+ 72.
Kg3 Ne1 73. g5 Nc2 74. g6 Nd4 75. g7 Nxb5 76. axb5+ Kxb5 77. g8=Q Kb4 78. Qc4+ 1-0

[Event "*** Biggest EVER Titled Tuesday"]
[Site "Chess.com"]
[Date "2018.04.17"]
[Round "3"]
[White "mukhin1"]
[Black "dretch"]
[Result "0-1"]
[WhiteElo "2902"]
[BlackElo "2673"]
[TimeControl "180+2"]
[EndTime "13:38:48 PDT"]
[Termination "dretch won by checkmate"]

1. d4 d5 2. c4 c6 3. cxd5 cxd5 4. Bg5 Nc6 5. Nc3 Nf6 6. Bxf6 gxf6 7. e3 e6 8. Bd3 Bd7 9. Rc1 Qb6 10. Qd2 Rc8 11.
Nge2 Bd6 12. O-O f5 13. a3 Rg8 14. b4 Ne7 15. f4 Kf8 16. Kh1 a5 17. Rb1 axb4 18. axb4 Kg7 19. Nd1 Kh8 20. Nf2 Rg7 21. Ng3 Rg6 22. Be2 Ng8 23. Bh5 Rg7 24. Nd3 Nf6 25.
Ne5 Be8 26. Bf3 Qd8 27. b5 Rg8 28. Qf2 Qe7 29. Qe2 Ne4 30. Bxe4 fxe4 31. f5 f6 32. Ng4 Bxg3 33. hxg3 Bh5 34. Rf4 exf5 35. Qa2 Bxg4 36. Qxd5 Rgd8 37. Qa2 Qd7 38. Rbf1 Qd5 39. Qf2 Rg8 40.
Kg1 Qxb5 41. Qd2 Qd5 42. Qb4 b5 43. Qe7 Rcf8 44. Rc1 Rf7 45. Qb4 Rb8 46. Rc5 Qd8 47. Rc6 Rc8 48. Rd6 Qf8 49. Qa3 Ra8 50. Qc5 Rc8 51.
Qb6 Rb8 52. Qc6 b4 53. Rf2 b3 54.
Rb2 Bd1 55. Qd5 Bc2 56. Rc6 Rd8 57. Qxf5 Qg7 58. Qf4 Rg8 59. Kf2 Qg5 60. Qd6 Qf5+ 61. Ke1 Qh5 62. Kf2 Qd1 63. Qb4 Qg4 64. Rc5 Qxg3+ 65. Kf1 Qxg2+ 66. Ke1 Qg1+ 67. Kd2 Rg2+ 68. Kc3 Qe1+ 69. Kc4 Bd3+ 70. Kd5 Qxb4 71. Rc8+ Rf8 72. Rxf8+ Qxf8 73. Rxg2 Qc8 74. Kd6 Bc2 75. Ke7 b2 76. Kf7 b1=Q 77. Kxf6 Qb6+ 78. Ke5 Qce6+ 79. Kf4 Qbd6+ 80.
Kg5 Qh6+ 81. Kg4 Qdg6# 0-1

[Event "*** Biggest EVER Titled Tuesday"]
[Site "Chess.com"]
[Date "2018.04.17"]
[Round "3"]
[White "SelfishShellfish"]
[Black "Slovak_fighter2000"]
[Result "1/2-1/2"]
[WhiteElo "2189"]
[BlackElo "2261"]
[TimeControl "180+2"]
[EndTime "13:39:08 PDT"]
[Termination "Game drawn - insufficient material"]

1. d4 Nf6 2. c4 e6 3. g3 d5 4.
Bg2 Bb4+ 5. Bd2 Be7 6. Nf3 O-O 7. O-O c6 8. Qb3 Qb6 9. c5 Qxb3 10. axb3 a6 11. Nc3 Nbd7 12. b4 Rb8 13. Bf4 Ra8 14. b5 Ne4 15. bxc6 bxc6 16. Nxe4 dxe4 17. Nd2 f5 18.
Nc4 g5 19. Bd6 Kf7 20. f3 exf3 21. Bxf3 Bb7 22. Bxe7 Kxe7 23. Na5 Rab8 24. Bxc6 Bc8 25. Rab1 Rb4 26. Bg2 Nb8 27. e3 f4 28. gxf4 gxf4 29. Rxf4 Rxf4 30. exf4 Rxd4 31. b4 Rxf4 32. b5 axb5 33. Rxb5 Na6 34. Nc6+ Kf6 35. Na7 Bd7 36. c6 Be8 37. Rb6 Ra4 38. Bf1 Nc7 39. Rb7 Rg4+ 40. Kf2 Rg7 41. Nb5 Nxb5 42. Rxg7 Kxg7 43. Bxb5 Bxc6 44. Bxc6 e5 45. Ke3 e4 46. Bxe4 Kh8 47.
Kf4 Kg7 48. Kg5 Kh8 49. Kh6 Kg8 50. h3 Kh8 51. Bf5 Kg8 52. Kg5 Kh8 53. Kf6 Kg8 54.
Ke7 Kh8 55. Kf7 h5 56. Kg6 h4 57. Kh6 Kg8 58. Bg6 Kh8 59. Bh5 Kg8 60. Bd1 Kh8 61. Bc2 Kg8 62. Kg6 Kh8 63. Ba4 Kg8 64. Be8 Kh8 65.
Kf7 Kh7 66. Kf8 Kh8 67. Bf7 Kh7 68. Ke7 Kh8 69. Kf6 Kh7 70. Be6 Kh8 71. Bg4 Kh7 72.
Bf3 Kh8 73. Kg5 Kg8 74. Kf4 Kh8 75. Kg4 Kg7 76. Kxh4 Kh8 77. Kg4 Kg8 78. h4 Kh8 79.
h5 Kg8 80. Kh4 Kh8 81. Kg3 Kg8 82. Kg4 Kh8 83. Kf5 Kg8 84. Kg5 Kh8 85. Bg4 Kg8 86. Bd1 Kh8 87. Bc2 Kg8 88. Bd1 Kh8 89. Bc2 Kg8 90.
Bd3 Kh8 91. Bf5 Kg8 92. h6 Kh8 93. Kg6 Kg8 94. Bh3 Kh8 95. Kg5 Kg8 96. Bg4 Kh8 97.
Bh5 Kg8 98. Bg6 Kh8 99. Kf6 Kg8 100. Ke7 Kh8 101. Ke8 Kg8 102. Ke7 Kh8 103. Kf6 Kg8 104. Bf5 Kh8 105. Kg6 Kg8 106. Kh5 Kh8 107. Bg6 Kg8 108. Kg5 Kh8 109. Bf5 Kg8 110. Bg4 Kh8 111. Bh5 Kh7 112. Bg6+ Kh8 113. h7 Kg7 114. Bb1 Kh8 115. Kf5 Kxh7 1/2-1/2

[Event "*** Biggest EVER Titled Tuesday"]
[Site "Chess.com"]
[Date "2018.04.17"]
[Round "3"]
[White "rasmussvane"]
[Black "pulvettd"]
[Result "1/2-1/2"]
[WhiteElo "2591"]
[BlackElo "2515"]
[TimeControl "180+2"]
[EndTime "13:39:20 PDT"]
[Termination "Game drawn - insufficient material"]

1. Nf3 Nf6 2. c4 g6 3. Nc3 Bg7 4. e4 d6 5. d4 O-O 6. Be2 e5 7. O-O c6 8. Qc2 Nbd7 9. Be3 Ng4 10. Bg5 Bf6 11. Bxf6 Qxf6 12. Rad1 Qe7 13. Qd2 Kg7 14. Rfe1 Ngf6 15. Bf1 Re8 16. a3 a5 17. b4 axb4 18.
axb4 b6 19. b5 cxb5 20. Nxb5 Bb7 21. Nc7 Nxe4 22. Qc2 Nef6 23. dxe5 dxe5 24. Nxe8+ Rxe8 25. Qc3 Kg8 26. h3 Ne4 27. Qe3 Nec5 28. Nd4 Qf6 29.
Nb5 e4 30. Nd6 Rb8 31. Nxb7 Rxb7 32. Qd4 Qxd4 33. Rxd4 Ra7 34. g3 Ne5 35. Bg2 f5 36.
Rb1 Ra6 37. Rd6 Nxc4 38. Bf1 Nxd6 39. Bxa6 Nxa6 40. Rxb6 e3 41. Rxd6 exf2+ 42. Kxf2 Nc5 43. Kf3 Ne4 44. Rd7 Ng5+ 45. Kg2 Ne4 46. h4 Nf6 47.
Rb7 Nh5 48. Kf3 Kh8 49. Ke3 Nxg3 50. Kf4 Ne4 51. Ke5 Kg8 52. Ra7 h6 53. h5 gxh5 54. Kxf5 Nd6+ 55. Kg6 Kf8 56. Kxh5 Ke8 57. Kxh6 Kd8 58.
Kg6 Nc8 59. Rg7 Ne7+ 60. Kf6 Nd5+ 61. Ke6 Nc7+ 62. Ke5 Ne8 63. Rh7 Kc8 64. Kd5 Kd8 65. Kc6 Nf6 66. Rf7 Ne8 67. Rf4 Ke7 68. Rf3 Nf6 69.
Re3+ Kf7 70. Kd6 Ng4 71. Rf3+ Kg6 72. Ke6 Kg5 73. Rf8 Ne3 74. Ke5 Ng4+ 75. Kd4 Nf6 76. Ra8 Ng4 77. Ra5+ Kf4 78. Ra8 Ne3 79. Rf8+ Nf5+ 80.
Kd5 Kg5 81. Ke5 Ne7 82. Rf1 Ng6+ 83. Ke4 Ne7 84. Rf7 Ng6 85. Rf5+ Kg4 86. Ra5 Nh4 87. Ra1 Kg3 88. Rg1+ Kf2 89. Rg4 Ng2 90. Kd4 Kf3 91. Rxg2 Kxg2 1/2-1/2

[Event "*** Biggest EVER Titled Tuesday"]
[Site "Chess.com"]
[Date "2018.04.17"]
[Round "3"]
[White "BillieKimbah"]
[Black "Arystanner23"]
[Result "1-0"]
[WhiteElo "2769"]
[BlackElo "2496"]
[TimeControl "180+2"]
[EndTime "13:39:53 PDT"]
[Termination "BillieKimbah won by resignation"]

1. d4 Nf6 2. c4 g6 3. g3 Bg7 4.
Bg2 O-O 5. Nc3 d6 6. Nf3 Nc6 7. O-O a6 8. d5 Na5 9. b3 c5 10. dxc6 Nxc6 11. Bb2 Bd7 12. Qd2 Rb8 13. Nd5 Ne4 14.
Qc2 Bxb2 15. Qxb2 b5 16. Rac1 e6 17. Ne3 Qf6 18. Qxf6 Nxf6 19. Rfd1 bxc4 20. bxc4 Ne8 21.
Ng5 Rb2 22. Rc2 Rxc2 23. Nxc2 Ne5 24. Ne3 f5 25. Rb1 f4 26. gxf4 Rxf4 27. Rb7 h6 28. Nh3 Rf7 29. Rb6 g5 30. Kf1 a5 31. Ke1 g4 32.
Ng1 h5 33. Ra6 a4 34. h3 Kg7 35. hxg4 hxg4 36. f3 gxf3 37. Nxf3 Nxf3+ 38. Bxf3 Kf6 39. Kd2 Ke5 40. Kc3 Nf6 41. Ra5+ Kf4 42. Ng2+ Kg3 43. Rg5+ Kf2 44. Nf4 Ne4+ 45. Bxe4 Rxf4 46. Bd3 e5 47. e4 Bc6 48. Rg6 Bxe4 49. Bxe4 Rxe4 50. Rxd6 Re2 51. c5 Rxa2 52. c6 Ra3+ 53. Kc2 Ra2+ 54. Kb1 Ra3 55. Rd2+ Ke3 56. c7 Kxd2 57. c8=Q Rb3+ 58.
Ka2 e4 59. Qd7+ Rd3 60. Qxa4 e3 61. Qf4 Ke1 62. Kb2 e2 63. Kc2 Rd1 64. Qe3 Kf1 65.
Qf3+ Ke1 66. Qg3+ Kf1 67. Qf4+ Ke1 68. Qg3+ Kf1 69. Qf3+ Ke1 70. Qg2 Rd2+ 71. Kc3 Kd1 72.
Qg4 Kc1 73. Qa4 Rb2 74. Qa1+ Rb1 75. Qa3+ Kd1 76. Qd6+ Ke1 77. Qg3+ Kf1 78. Qf3+ Ke1 79. Qh1+ Kf2 80. Qh2+ Kf3 81. Qh3+ Kf2 82. Qh4+ Kf3 83.
Qf6+ Kg2 84. Qg6+ Kf2 85. Qf5+ 1-0

[Event "*** Biggest EVER Titled Tuesday"]
[Site "Chess.com"]
[Date "2018.04.17"]
[Round "3"]
[White "MaxLeto"]
[Black "SloLev"]
[Result "1-0"]
[WhiteElo "2347"]
[BlackElo "2383"]
[TimeControl "180+2"]
[EndTime "13:41:34 PDT"]
[Termination "MaxLeto won by checkmate"]

1. h3 e5 2. g3 d5 3. Bg2 Nf6 4. a3 Bd6 5. b3 O-O 6. Bb2 Qe7 7. d3 Nc6 8. e3 e4 9. Ne2 Bf5 10. d4 Qe6 11. Nd2 Ne7 12. c4 c6 13. Nf4 Bxf4 14.
gxf4 h6 15. Qe2 b6 16. Nf1 Bg6 17. Ng3 Nf5 18. O-O Nh4 19. Kh2 Rac8 20. a4 c5 21.
cxd5 Nxd5 22. Bh1 Nb4 23. Ba3 Nd3 24. Rab1 Rfd8 25. dxc5 bxc5 26. Qg4 Qxg4 27. hxg4 Nf3+ 28. Bxf3 exf3 29. f5 Bh7 30. Ne4 h5 31. Kg3 hxg4 32. Kxg4 Ne5+ 33. Kf4 Nd3+ 34. Kg4 Re8 35. Ng3 Ne5+ 36.
Kf4 c4 37. Bd6 Nd3+ 38. Kxf3 c3 39. Ba3 c2 40. Ra1 Rc3 41. Ke2 Rxb3 42. Kd2 Rc8 43.
e4 Ne5 44. Ne2 Rd3+ 45. Kc1 g6 46. f4 Ng4 47. fxg6 Bxg6 48. f5 Ne3 49. Rg1 Rd1+ 50. Kb2 Rxg1 51. Rxg1 Nc4+ 52. Ka2 Nxa3 53. Kxa3 Kf8 54.
fxg6 fxg6 55. Kb2 Ke7 56. Rxg6 Rc4 57. Rg7+ Kd6 58. Rxa7 Rxe4 59. Nc3 Rc4 60. Kxc2 Kc5 61. Kb3 Rb4+ 62. Kc2 Rh4 63. Ra5+ Kb6 64. Rb5+ Ka6 65. Kb3 Rg4 66. Rb4 Rg5 67. Rc4 Rh5 68. Kb4 Rh6 69.
Ne4 Rb6+ 70. Ka3 Rb1 71. Nc3 Rb8 72. Rb4 Rc8 73. Kb3 Rh8 74. Rb5 Rh4 75. Rb4 Rh5 76.
Rg4 Rf5 77. Nb1 Rf6 78. Na3 Rb6+ 79. Rb4 Rh6 80. Rb5 Rh3+ 81. Kb4 Rh4+ 82. Nc4 Rh6 83. a5 Ka7 84. Rb6 Rh5 85. Nb2 Rh4+ 86. Nc4 Rh5 87. Rc6 Rg5 88. Nb2 Rg4+ 89. Kb5 Rg5+ 90. Rc5 Rg7 91. Na4 Rb7+ 92. Nb6 Rh7 93. Rd5 Rh1 94. Kc6 Rc1+ 95. Rc5 Rh1 96. Nc4 Ka6 97. Kd5 Rc1 98. Rc6+ Ka7 99. Kc5 Rb1 100. Rc7+ Ka6 101. Rc6+ Ka7 102. Rb6 Rh1 103. Kb5 Rh5+ 104. Kb4 Rh4 105. Rc6 Rh5 106. Nb2 Rh7 107. Nd3 Rb7+ 108. Kc5 Rh7 109. a6 Rh5+ 110. Kb4 Rh1 111. Nc5 Rb1+ 112. Kc4 Rc1+ 113. Kd5 Rd1+ 114. Ke6 Rd2 115. Rd6 Rc2 116. Kd5 Rh2 117. Kc6 Rh8 118. Rd7+ Ka8 119. Na4 Rc8+ 120. Kb5 Rc1 121. Nb6+ Kb8 122. a7# 1-0

[Event "*** Biggest EVER Titled Tuesday"]
[Site "Chess.com"]
[Date "2018.04.17"]
[Round "3"]
[White "djogrodek1"]
[Black "AlexTriapishko"]
[Result "1/2-1/2"]
[WhiteElo "2454"]
[BlackElo "2688"]
[TimeControl "180+2"]
[EndTime "13:42:02 PDT"]
[Termination "Game drawn - insufficient material"]

1. e4 c6 2. d4 d5 3. e5 Bf5 4. h4 h5 5. Bd3 Bxd3 6. Qxd3 e6 7. Bg5 Qa5+ 8. Nd2 Be7 9. Nf3 Nd7 10. O-O Nh6 11.
Bxh6 Rxh6 12. c4 Kf8 13. a3 dxc4 14. Nxc4 Qc7 15. b4 g6 16. g3 Kg7 17. Nfd2 Nb6 18. Ne4 Nxc4 19. Qxc4 Rd8 20. b5 Qb6 21. bxc6 Rxd4 22.
Qc3 Rxe4 23. c7 Rh8 24. c8=Q Rxc8 25. Qxc8 Bc5 26. Rab1 Qc6 27. Qxb7 Qa4 28. Rb4 Rxb4 29. axb4 Bxb4 30. Rc1 Bc3 31. Qc7 Bd4 32. Qc4 Qa3 33. Kg2 Bxe5 34. Rd1 Qe7 35. Rd3 a5 36. Qb5 Bf6 37.
Qxa5 Qb7+ 38. Kh2 Qe4 39. Qa3 Qe2 40. Rf3 Bd4 41. Kg2 Bf6 42. Qb3 Qe4 43. Qd3 Qg4 44. Qe2 Qd4 45. Qd3 Qe5 46. Re3 Qc5 47. Qe4 Bd4 48.
Rf3 Bf6 49. Qf4 Qe7 50. Rb3 Qc5 51. Qf3 Qc4 52. Rb7 Qd4 53. Rc7 Qd6 54. Qb7 Qd5+ 55. Qxd5 exd5 56. Rd7 d4 57. Kf3 Kf8 58. Ke4 Ke8 59.
Ra7 Kf8 60. Ra6 Kg7 61. f4 Be7 62. Kxd4 Bb4 63. Ra2 Be1 64. Rg2 Kf6 65. Ke4 Ke6 66. Kf3 Kf5 67. Re2 Bc3 68. Rc2 Bd4 69. Rc4 Bb2 70.
Rc5+ Kf6 71. g4 hxg4+ 72. Kxg4 Bd4 73. Rc6+ Kg7 74. f5 Bf6 75. fxg6 fxg6 76. Rc7+ Kh6 77. Rc6 Kg7 78. Ra6 Bd8 79. Ra7+ Kh6 80. Rf7 Bb6 81.
Rd7 Bf2 82. Rd6 Kg7 83. Re6 Kf7 84. Ra6 Bc5 85. Rc6 Be7 86. Rc7 Ke6 87. Rc8 Kf7 88.
Rc2 Ke6 89. Rf2 Bf6 90. Rg2 Kf7 91. Ra2 Ke6 92. Ra6+ Kf7 93. Rc6 Be7 94. Rc4 Ke6 95. Rf4 Bf6 96. Kf3 Be5 97. Rg4 Kf7 98. Ke4 Bf6 99.
Kd5 Bd8 100. Kd6 Kf6 101. Kd7 Ba5 102. Ke8 Be1 103. Kf8 Kf5 104. Rg5+ Kf6 105. Rg4 Kf5 106. Ra4 Bxh4 107. Rxh4 g5 108. Rh1 g4 109. Kg7 g3 110. Kh6 Kg4 111. Kg6 g2 112. Ra1 Kg3 113. Kf5 Kh2 114. Kg4 g1=Q+ 115. Rxg1 Kxg1 1/2-1/2

[Event "*** Biggest EVER Titled Tuesday"]
[Site "Chess.com"]
[Date "2018.04.17"]
[Round "3"]
[White "Msb2"]
[Black "Fablibi"]
[Result "1/2-1/2"]
[WhiteElo "2716"]
[BlackElo "2518"]
[TimeControl "180+2"]
[EndTime "13:42:38 PDT"]
[Termination "Game drawn by stalemate"]

1. d4 Nf6 2. c4 g6 3. Nc3 Bg7 4. e4 d6 5. h3 O-O 6. Be3 Nbd7 7. Nf3 e5 8. Bd3 exd4 9. Nxd4 Nc5 10. O-O Nxd3 11.
Qxd3 Nd7 12. b3 Re8 13. f3 Nc5 14. Qd2 a5 15. Rad1 Qh4 16. Nd5 Qd8 17. Bg5 f6 18.
Bh6 c6 19. Nc3 Bxh6 20. Qxh6 Qe7 21. Rfe1 Be6 22. Qh4 Rad8 23. Nd5 cxd5 24. exd5 Qf7 25. dxe6 Nxe6 26. Nb5 g5 27. Qf2 Nf4 28. Rxe8+ Qxe8 29.
Re1 Qc6 30. Qd4 Qc5 31. Kh2 Qxd4 32. Nxd4 d5 33. c5 Nd3 34. Re6 Kf7 35. c6 bxc6 36. Rxc6 Ra8 37. Rc7+ Kg6 38. g4 Ne5 39. Nf5 Nf7 40.
Kg3 a4 41. b4 a3 42. b5 Rb8 43. Ne7+ Kg7 44. Nc6 Rxb5 45. Nd8 Rb2 46. Rxf7+ Kg8 47.
Ra7 Rxa2 48. Nc6 Ra1 49. Kg2 a2 50. Ne7+ Kf8 51. Nf5 Ke8 52. h4 gxh4 53. Nxh4 Kf8 54. Nf5 Ke8 55. Nd6+ Kf8 56. Ra8+ Ke7 57. Nf5+ Kf7 58.
Ra7+ Kf8 59. Nd4 Rd1 60. Nb3 Rb1 61. Ra8+ Kf7 62. Ra7+ Kg6 63. Rxa2 Rxb3 64. Rd2 Rb5 65. Kg3 Kf7 66. Rh2 Kg6 67. Rd2 Ra5 68. Rd1 Kg7 69.
Rd2 Kf7 70. Rh2 Kg6 71. Rd2 h5 72. gxh5+ Kxh5 73. Kf4 Kg6 74. Rg2+ Kf7 75. Kf5 Ra4 76. Rh2 Kg7 77. Rg2+ Kf7 78. Rh2 Kg7 79. Rg2+ Kf7 80. Rb2 Ra7 81. Rh2 Ra5 82. Rh7+ Kg8 83. Rd7 d4+ 84. Kg6 Kf8 85. Kxf6 Ra6+ 86. Ke5 d3 87. Rxd3 Kf7 88. Rd7+ Kf8 89. f4 Rb6 90. Kf5 Ra6 91. Kg5 Rb6 92. Rc7 Ra6 93. Rc5 Rb6 94. Kf5 Ra6 95.
Re5 Kf7 96. Rd5 Rb6 97. Rc5 Ra6 98. Rc7+ Kf8 99. Ke5 Rb6 100. Rd7 Ra6 101. Kf5 Rb6 102. Ra7 Rc6 103. Ke5 Rb6 104. f5 Rc6 105. Kf4 Rb6 106. Kg5 Rc6 107. Rh7 Ra6 108. Rh8+ Kf7 109. Rb8 Rc6 110. Rb7+ Kf8 111. Rb4 Ra6 112. Rh4 Rb6 113. Kh5 Ra6 114. Rg4 Rb6 115. Rg6 Rb7 116. Kg5 Kf7 117. Rh6 Rb1 118. Rh7+ Kg8 119. Rh6 Kf7 120. Rf6+ Kg7 121. Rg6+ Kf7 122. Rf6+ Kg7 123. Rc6 Rg1+ 124. Kf4 Kf7 125. Rc7+ Kf6 126. Rc6+ Kf7 127. Rc4 Rf1+ 128. Ke5 Re1+ 129. Kd5 Rd1+ 130. Rd4 Rxd4+ 131.
Kxd4 Kf6 132. Ke4 Kf7 133. Ke5 Ke7 134. f6+ Kf7 135.
Kf5 Kf8 136. Kg6 Kg8 137. Kg5 Kf7 138. Kf5 Kf8 139. Ke5 Kf7 140. Kf5 Kf8 141. Ke6 Ke8 142. f7+ Kf8 143. Kf6 1/2-1/2

[Event "*** Biggest EVER Titled Tuesday"]
[Site "Chess.com"]
[Date "2018.04.17"]
[Round "3"]
[White "Bryakin_Mikhail"]
[Black "colemman"]
[Result "0-1"]
[WhiteElo "2617"]
[BlackElo "2503"]
[TimeControl "180+2"]
[EndTime "13:44:30 PDT"]
[Termination "colemman won by resignation"]

1. d4 d5 2. c4 c6 3. Nf3 Nf6 4. Nc3 e6 5. Bg5 Nbd7 6. e3 Qa5 7. Nd2 dxc4 8. Bxf6 Nxf6 9. Nxc4 Qc7 10. Be2 Be7 11. O-O O-O 12. a4 Rd8 13. Qc2 Bd7 14. Bf3 Be8 15.
Rfd1 Rac8 16. h3 Nd5 17. Qb3 Rb8 18. a5 Rdc8 19. Ne5 Bd6 20. Nc4 Be7 21. Be4 g6 22. Bf3 Kg7 23. Ne4 h6 24. Nc5 Nf6 25. Rac1 Nd7 26. Qc3 Bf6 27. b4 Kh7 28. g3 Bg7 29. Kg2 Nf6 30. h4 h5 31. Qc2 Kg8 32. Rb1 Bf8 33.
Be2 Nd5 34. Bd3 Rd8 35. Ne5 Bd6 36. Nc4 Be7 37. Re1 Qc8 38. Ne5 Nc7 39. Nxg6 fxg6 40.
Bxg6 Bxc5 41. bxc5 Qd7 42. Bh7+ Qxh7 43. Qc4 Bg6 44.
Rb2 Bd3 45. Qc3 Nd5 46. Qb3 Kh8 47. f3 Rg8 48. Kf2 Rgf8 49. Kg2 Bf5 50. e4 Bg6 51.
exd5 exd5 52. Rbe2 Rfe8 53. Re5 Qg7 54. Qc3 Rxe5 55.
Rxe5 Re8 56. Rxe8+ Bxe8 57. Qe3 Bg6 58. Qf4 a6 59. Qb8+ Kh7 60. Qf4 Qf7 61. Qd6 Bf5 62. Qe5 Bd3 63. Qg5 Bg6 64. Qe5 Kg8 65. Qb8+ Kg7 66.
Qe5+ Kh7 67. Qg5 Qd7 68. Qe5 Bf7 69. Qf6 Qe6 70. Qf4 Qe2+ 71. Kg1 Qe7 72. Kg2 Bg6 73.
Kf2 Bd3 74. Qd2 Bf5 75. Qf4 Bg6 76. Qd2 Bb1 77. Qc1 Bd3 78. Qd2 Bg6 79. Qf4 Qf7 80. Qg5 Qg7 81. Qf4 Kg8 82. Qb8+ Kh7 83. Qf4 Bb1 84.
Qe3 Qf7 85. Qg5 Be4 86. Qe3 Bf5 87. Qg5 Bg4 88. Qe3 Kg8 89. Kg2 Bf5 90. Qg5+ Kf8 91.
Qd8+ Kg7 92. Qg5+ Kh7 93. Kf2 Bg6 94. Qe5 Qd7 95. Kg2 Bf5 96. Kf2 Bg6 97. Qg5 Qc7 98.
Qd2 Qe7 99. Qf4 Kg7 100. Qd2 Qf6 101. Qe3 Kf7 102. Kg2 Qf5 103. Qh6 Qc2+ 104. Kg1 Qd1+ 105. Kg2 Qxd4 106. Qg5 Qf6 107. Qc1 Qe7 108. Qf4+ Kg7 109. Qd4+ Kh7 110. Kf2 Bf5 111. Qf4 Bg6 112. Qd4 Qd7 113. Kg2 Bf5 114. Kf2 Kg6 115. Qh8 d4 116. Qg8+ Kf6 117. Qg5+ Ke6 118. Qxh5 d3 119. Qh6+ Kd5 120. Qe3 Kc4 121. Ke1 Qd4 122. Qxd4+ Kxd4 123. Kd2 Kxc5 124. g4 Bh7 125. h5 Kd6 126. g5 Ke6 127. g6 Kf6 128. gxh7 Kg7 129. Kxd3 Kxh7 130. Ke4 Kh6 131. Ke5 Kxh5 132. f4 Kg6 133. Ke6 Kg7 134. Ke7 Kg6 135. Ke6 Kg7 136. f5 Kf8 137. f6 Ke8 138. Kd6 Kf7 139. Ke5 Kf8 140. Kd6 Kf7 141. Ke5 Kg8 142. Ke6 Kf8 143. Ke5 Kf7 144. Kf5 c5 145. Ke5 c4 146. Kd4 Kxf6 147. Kxc4 Ke7 148. Kc5 Kd7 149. Kd5 Kc8 150. Kc4 Kd7 151. Kd5 Kd8 152. Kd4 Ke7 153. Ke5 Ke8 154. Ke4 Kd7 155. Kd5 Kc8 156. Kc4 Kb8 157. Kb4 Ka7 158. Kc3 Ka8 159. Kd3 Kb8 160. Kc3 Kc7 161. Kd4 Kd6 162. Kc4 Kc6 163. Kb4 Kd5 164. Kb3 Kc5 165. Ka4 Kc4 166. Ka3 Kb5 0-1

[Event "*** Biggest EVER Titled Tuesday"]
[Site "Chess.com"]
[Date "2018.04.17"]
[Round "4"]
[White "NMJeevanK"]
[Black "twitchTriniCupid"]
[Result "1-0"]
[WhiteElo "2279"]
[BlackElo "2155"]
[TimeControl "180+2"]
[EndTime "13:47:23 PDT"]
[Termination "NMJeevanK won by resignation"]

1. e4 c6 2. d4 d5 3. exd5 cxd5 4. Nf3 Nf6 5. c3 Nc6 6. Bd3 Bg4 7. h3 Bh5 8. O-O e6 9. Re1 Be7 10. Nbd2 O-O 11.
Nf1 Rc8 12. Ng3 Bg6 13. Bxg6 h6 14. Bc2 Na5 15. Ne5 Nc4 16. Nxc4 dxc4 17. Ne4 b5 18. Nxf6+ Bxf6 19. Qg4 Qd5 20. Bxh6 Rfe8 21. Re3 Kf8 22. Bf4 b4 23. Rae1 a5 24. Be5 Ke7 25. Be4 Qb5 26.
Qf3 b3 27. axb3 cxb3 28. Bxf6+ gxf6 29. d5 1-0

[Event "*** Biggest EVER Titled Tuesday"]
[Site "Chess.com"]
[Date "2018.04.17"]
[Round "4"]
[White "Triumphmate"]
[Black "Kislov_Oleg"]
[Result "0-1"]
[WhiteElo "2162"]
[BlackElo "2269"]
[TimeControl "180+2"]
[EndTime "13:47:51 PDT"]
[Termination "Kislov_Oleg won by resignation"]

1. e4 e6 2. d4 d5 3. Nd2 Nf6 4.
e5 Nfd7 5. Bd3 c5 6. c3 Nc6 7. Ne2 cxd4 8. cxd4 f6 9. exf6 Nxf6 10. Nf3 Bd6 11. O-O O-O 12. Bg5 Qc7 13. Ng3 e5 14.
dxe5 Nxe5 15. Nxe5 Bxe5 16. f4 Bxb2 17. Rb1 Bd4+ 18.
Kh1 Bb6 19. Nh5 Ng4 20. Rc1 Qf7 21. Rxc8 Qxh5 22. Rxf8+ Rxf8 23. h3 Nf2+ 24. Rxf2 Qxd1+ 0-1

[Event "*** Biggest EVER Titled Tuesday"]
[Site "Chess.com"]
[Date "2018.04.17"]
[Round "4"]
[White "MikaelyanArman"]
[Black "AlexZambrano"]
[Result "1-0"]
[WhiteElo "2584"]
[BlackElo "2362"]
[TimeControl "180+2"]
[EndTime "13:48:38 PDT"]
[Termination "MikaelyanArman won by resignation"]

1. e4 e6 2. d4 d5 3. Nc3 Nf6 4. Bg5 Be7 5. e5 Nfd7 6. Bxe7 Qxe7 7. f4 a6 8. Nf3 c5 9. Qd2 Nc6 10. O-O-O Nxd4 11. Nxd4 cxd4 12. Qxd4 O-O 13. h4 Qc5 14. Qd2 b5 15. Bd3 Nb6 16. h5 Nc4 17. Bxc4 bxc4 18. h6 g6 19. f5 Rd8 20. Qg5 Bb7 21. fxe6 fxe6 22. Qf6 Rf8 1-0

[Event "*** Biggest EVER Titled Tuesday"]
[Site "Chess.com"]
[Date "2018.04.17"]
[Round "4"]
[White "savinspm"]
[Black "David_Paravyan"]
[Result "0-1"]
[WhiteElo "2024"]
[BlackElo "2668"]
[TimeControl "180+2"]
[EndTime "13:48:55 PDT"]
[Termination "David_Paravyan won by resignation"]

1. e4 e5 2. Nf3 Nc6 3. Bb5 a6 4. Bxc6 dxc6 5. d4 exd4 6. Qxd4 Qxd4 7. Nxd4 Nf6 8. f3 c5 9. Ne2 Bd7 10. Be3 O-O-O 11. Nd2 Bd6 12. O-O-O Rhe8 13. Rde1 Nd5 14. exd5 Rxe3 15. Nc4 Re7 16. Nxd6+ cxd6 17. Nf4 Rde8 18. Kd2 g5 19. Nh5 Bf5 20. Nf6 Rxe1 21. Rxe1 Rxe1 22. Kxe1 Bxc2 23. Kd2 Bg6 24. Ng4 b5 25. Ke3 a5 26.
f4 gxf4+ 27. Kxf4 b4 28. Ne3 Kc7 29. g4 a4 30. a3 Bd3 31. g5 c4 32. axb4 c3 33.
bxc3 a3 0-1

[Event "*** Biggest EVER Titled Tuesday"]
[Site "Chess.com"]
[Date "2018.04.17"]
[Round "4"]
[White "Indianlad"]
[Black "Alexander_Moskalenko"]
[Result "0-1"]
[WhiteElo "2694"]
[BlackElo "2721"]
[TimeControl "180+2"]
[EndTime "13:49:11 PDT"]
[Termination "Alexander_Moskalenko won by resignation"]

1. e4 c5 2. Nf3 d6 3. d4 cxd4 4.
Nxd4 Nf6 5. Nc3 a6 6. a3 g6 7. Be3 Bg7 8. f3 Nc6 9. Qd2 Bd7 10. g4 h5 11. g5 Nh7 12. Nd5 Nxg5 13. Bxg5 Nxd4 14.
Bg2 Rc8 15. Bxe7 Qxe7 16. Nxe7 Rxc2 17. Qg5 Ne6 18. Qd5 Nf4 19. Qxd6 Nxg2+ 20. Kf1 Ne3+ 21. Ke1 Ng2+ 22. Kd1 Ba4 23. b3 Bxb3 24. Qb4 Bc3 0-1

[Event "*** Biggest EVER Titled Tuesday"]
[Site "Chess.com"]
[Date "2018.04.17"]
[Round "4"]
[White "FLchessplayer"]
[Black "peteseeger"]
[Result "0-1"]
[WhiteElo "1970"]
[BlackElo "2080"]
[TimeControl "180+2"]
[EndTime "13:49:20 PDT"]
[Termination "peteseeger won by checkmate"]

1. d4 g6 2. e4 Bg7 3. Nc3 c6 4. f3 d5 5. Be3 Qb6 6. Rb1 dxe4 7. fxe4 e5 8. Nf3 Bg4 9. Ne2 Nd7 10. Qd2 Qc7 11.
dxe5 Nxe5 12. Nxe5 Bxe5 13. h3 Rd8 14. Qc1 Be6 15. a3 Nf6 16. c3 Nxe4 17. g4 Bg3+ 18. Nxg3 Qxg3+ 19. Ke2 Bc4# 0-1

[Event "*** Biggest EVER Titled Tuesday"]
[Site "Chess.com"]
[Date "2018.04.17"]
[Round "4"]
[White "Fighterman91"]
[Black "Superfelix"]
[Result "1-0"]
[WhiteElo "2590"]
[BlackElo "2350"]
[TimeControl "180+2"]
[EndTime "13:49:29 PDT"]
[Termination "Fighterman91 won by resignation"]

1. e4 c6 2. d4 g6 3. Nc3 d5 4. Nf3 dxe4 5. Nxe4 Nf6 6. Nxf6+ exf6 7. Bc4 Bg7 8. Qe2+ Qe7 9. Qxe7+ Kxe7 10. h3 Re8 11. O-O Kf8 12. c3 Be6 13. Bxe6 fxe6 14. Re1 a5 15. Bf4 Nd7 16. a4 Kf7 17. Re2 Rac8 18.
Bd6 c5 19. dxc5 Nxc5 20. Nd4 e5 21. Nb5 Red8 22. Bc7 Rxc7 23. Nxc7 e4 24. Nb5 f5 25. Ree1 Be5 26. Rad1 Nd3 27. Re2 Rc8 28. Rxd3 exd3 29. Rxe5 Rd8 30. Re1 d2 31. Rd1 Ke6 32. Kf1 1-0

[Event "*** Biggest EVER Titled Tuesday"]
[Site "Chess.com"]
[Date "2018.04.17"]
[Round "4"]
[White "Diwi89"]
[Black "LyonBeast"]
[Result "0-1"]
[WhiteElo "2724"]
[BlackElo "2828"]
[TimeControl "180+2"]
[EndTime "13:49:33 PDT"]
[Termination "LyonBeast won by resignation"]

1. e4 c5 2. Nc3 d6 3. Nf3 Nf6 4. d4 cxd4 5. Nxd4 a6 6. Bg5 e6 7.
Qe2 h6 8. Bh4 Be7 9. O-O-O Nxe4 10. Nxe4 Bxh4 11. Nxe6 Bxe6 12. Nxd6+ Kf8 13. Nxf7 Bg5+ 14.
f4 Bxf4+ 15. Kb1 Kxf7 16. Qh5+ g6 17. Rxd8 gxh5 18. Rxh8 Kg7 19. Re8 Bd7 20. Re7+ Kf6 21. Rh7 Bf5 22. Rxb7 Nd7 23. Bd3 Bxd3 24. cxd3 Ke6 25.
Rc1 Bxc1 0-1